 Dungeon Crawl Stone Soup version 0.29-a0-321-gf1c400731a (webtiles) character file.

Game seed: 8128819159100189428

310 Morbidden the Covered (level 6, -1/48 HPs)
             Began as a Demonspawn Fighter on Apr 3, 2022.
             Slain by a lemure (3 damage)
             ... led by Pikel
             ... on level 5 of the Dungeon.
             The game lasted 00:03:46 (3472 turns).

Morbidden the Covered (Demonspawn Fighter)          Turns: 3472, Time: 00:03:47

Health: -1/48      AC:  9    Str: 18    XL:     6   Next: 18%
Magic:  8/8        EV:  9    Int: 10    God:
Gold:   117        SH:  5    Dex: 14    Spells: 8/8 levels left

rFire   . . .      SeeInvis .   a - +1 war axe (vorpal)
rCold   . . .      Faith    .   c - +0 buckler
rNeg    . . .      Spirit   .   i - +0 scale mail
rPois   .          Reflect  .   s - +0 helmet
rElec   .          Harm     .   (no cloak)
rCorr   .          Rampage  .   u - +0 pair of gloves
Will    .....                   (no boots)
Stlth   +.........              (no amulet)
HPRegen 0.16/turn               (no ring)
MPRegen 0.22/turn               (no ring)

@: no status effects
A: claws 1, thin skeletal structure 1, magic regeneration
a: no special abilities


You were on level 5 of the Dungeon.
You visited 1 branch of the dungeon, and saw 6 of its levels.

You collected 117 gold pieces.

Inventory:

Hand Weapons
 a - a +1 vorpal war axe (weapon)
 b - a +1 dagger of venom
Armour
 c - a +0 buckler (worn)
 i - a +0 scale mail (worn)
 s - a +0 helmet (worn)
 u - a +0 pair of gloves (worn)
Jewellery
 t - an amulet of faith
Scrolls
 e - 2 scrolls of blinking {unknown}
 f - a scroll of vulnerability {unknown}
 h - a scroll of amnesia {unknown}
 k - 3 scrolls of identify {unknown}
 l - 3 scrolls of immolation {unknown}
 p - a scroll of magic mapping {unknown}
 q - a scroll of teleportation {unknown}
 v - a scroll of enchant weapon {unknown}
 w - a scroll of silence {unknown}
 x - a scroll of enchant armour {unknown}
Potions
 g - a potion of heal wounds
 j - a potion of magic {unknown}
 m - 2 potions of haste {unknown}
 n - a potion of curing {unknown}
 o - 2 potions of attraction {unknown}
 r - a potion of degeneration {unknown}
 z - a potion of mutation {unknown}


   Skills:
 * Level 3.7 Fighting
 + Level 0.5 Short Blades
 + Level 3.1 Axes
 + Level 3.9 Armour
 * Level 1.2 Dodging
 + Level 0.2 Stealth
 + Level 3.1 Shields
 * Level 1.1 Unarmed Combat
 * Level 1.5 Spellcasting


You had 8 spell levels left.
You didn't know any spells.
Your spell library was empty.

Dungeon Overview and Level Annotations

Branches:
Dungeon (6/15)
 Temple: D:4-7

Altars:
Trog

Annotations:
D:4 Blork the orc


Innate Abilities, Weirdness & Mutations

You have sharp fingernails.
You have a somewhat thin skeletal structure. (Dex +2, Stealth+)
You regenerate magic rapidly.


Message History

You slash the lemure!
The lemure is almost dead.
The lemure hits you.
You are too injured to fight recklessly!
Unknown command.
You are too injured to fight recklessly!
You are too injured to fight recklessly!
You are too injured to fight recklessly!
You are too injured to fight recklessly!
You are too injured to fight recklessly!
You closely miss the lemure.
The lemure is almost dead.
The lemure hits you. The lemure closely misses you.
You barely miss the lemure.
The lemure is almost dead.
The lemure hits you but does no damage.
You closely miss the lemure.
The lemure is almost dead.
The lemure hits you but does no damage. The lemure hits you.
You barely miss the lemure.
The lemure is severely wounded.
The lemure hits you but does no damage.
You hit the lemure.
The lemure is almost dead.
You block the lemure's attack.
You hit the lemure but do no damage.
The lemure is almost dead.
The lemure hits you!
* * * LOW HITPOINT WARNING * * *
The lemure hits you.
* * * LOW HITPOINT WARNING * * *
Unknown command.
You closely miss the lemure.
The lemure is almost dead.
The lemure hits you!
* * * LOW HITPOINT WARNING * * *
You closely miss the lemure.
The lemure is almost dead.
The lemure hits you.
You die...

####### #.....?
#.....< #......##
#.......#######
#.#@......#
#.5.......###
######........#
#......>....#.
#...........#
###...........#
##......#......#
##.......#####..#
#>.#.##..# #...#


You could see a lemure.

Vanquished Creatures
  A phantom (D:5)
  A bullfrog (D:6)
  2 hounds
  An iguana (D:5)
  2 adders (D:3)
  4 worms
  A dart slug (D:1)
  An orc (D:2)
  6 ball pythons
  4 bats
  6 endoplasms
  2 giant cockroaches
  3 goblins
  3 hobgoblins
  2 quokkas (D:2)
  3 frilled lizards
  8 kobolds
  6 rats
56 creatures vanquished.

Notes
Turn   | Place    | Note
-------+----------+-------------------------------------------
     0 | D:1      | Morbidden the Demonspawn Fighter began the quest for the
                  | Orb.
     0 | D:1      | Reached XP level 1. HP: 18/18 MP: 1/1
   224 | D:1      | Found a faded altar of an unknown god.
   284 | D:1      | Gained mutation: You have a somewhat thin skeletal
                  | structure. (Dex +2, Stealth+) [demonic ancestry]
   284 | D:1      | Reached XP level 2. HP: 23/24 MP: 2/2
  1329 | D:2      | Found a bloodstained altar of Trog.
  1461 | D:2      | Gained mutation: You regenerate magic rapidly. [demonic
                  | ancestry]
  1461 | D:2      | Reached XP level 3. HP: 26/29 MP: 3/3
  2668 | D:3      | Reached XP level 4. HP: 24/35 MP: 4/4
  3059 | D:3      | You fall into a shaft and drop 3 floors!
  3076 | D:6      | Noticed a bullfrog
  3094 | D:6      | Killed a bullfrog
  3095 | D:6      | Reached skill level 1 in Spellcasting
  3095 | D:6      | Reached XP level 5. HP: 36/41 MP: 4/6
  3106 | D:5      | Entered Level 5 of the Dungeon
  3108 | D:5      | Noticed a phantom
  3120 | D:5      | Killed a phantom
  3121 | D:5      | Reached skill level 1 in Dodging
  3121 | D:5      | Reached skill level 1 in Unarmed Combat
  3123 | D:5      | Gained mutation: You have sharp fingernails. [demonic
                  | ancestry]
  3123 | D:5      | Reached XP level 6. HP: 13/48 MP: 6/8
  3444 | D:4      | Noticed Blork the orc
  3471 | D:5      | HP: 2/48 [lemure[Pikel] (8)]
  3472 | D:5      | Slain by a lemure

Illustrated notes

Levels and vault maps discovered:
D:1:      co_arrival_square_in_a_square_in_a_square, layout_basic,
          serial_corexii_hall, chequers_hall_statues_y,
          corexii_hall_statues_deadend, corexii_hall_statues_l,
          hellmonk_ecumenical_altar_zigzags, serial_bayou_pond_e, st_stairs_9
D:2:      minmay_razor_zed, layout_basic, basic_altar,
          minmay_misc_feat_more_columns, kennysheep_generic_room_14
D:3:      layout_basic
D:4:      layout_gridville, uniq_blork_the_orc, uniq_ijyb, uniq_duvessa,
          uniq_pikel
D:5:      layout_rooms, minmay_temple_entry_tees
D:6:      layout_basic, zin_angel

Skill      XL: |  1  2  3  4  5 |
---------------+----------------+-----
Armour         | 3 |  3.9
Axes           | 2 3 |  3.1
Shields        | 3 |  3.1
Spellcasting   | 1 |  1.5
Dodging        | 1 |  1.2
Unarmed Combat | 1 |  1.1
Fighting       | |  3.7
Short Blades   | |  0.5
Stealth        | |  0.2

Action                   |  1- 3 |  4- 6 || total
-------------------------+-------+-------++-------
Melee: War axe           |    77 |    60 ||   137
       Dagger            |    43 |       ||    43
  Use: Potion            |       |     2 ||     2
Armor: Scale mail        |    52 |    36 ||    88
Dodge: Dodged            |    54 |    34 ||    88
Block: Buckler           |    24 |    23 ||    47

Table legend: (Time is in decaauts)
 A = Elapsed time spent in this place.
 B = Non-inter-level travel time spent in this place.
 C = Inter-level travel time spent in this place.
 D = Time resting spent in this place.
 E = Time spent auto-exploring this place.
 F = Levels seen in this place.
 G = Mean time per level.
                   A        B        C        D        E       F      G
               +--------+--------+--------+--------+--------+-----+--------+
         Total |   3530 |   3375 |    155 |    434 |   2424 |   6 |  588.3 |
       Dungeon |   3530 |   3375 |    155 |    434 |   2424 |   6 |  588.3 |
               +--------+--------+--------+--------+--------+-----+--------+

Top non-repeatable levels by time:
     D:2: 1325 daAuts
     D:1: 1316 daAuts
     D:3: 458 daAuts
     D:4: 326 daAuts
     D:6: 53 daAuts
     D:5: 51 daAuts
